Map: Abyssal Reef LE

Players

Yata - Winner!

  • Race: Zerg Zerg
  • League: Silver
  • Spawn Location: 5:00

A.I. 1 (Hard)

  • Race: Protoss Protoss
  • Spawn Location: 11:00

VOD

Have the link to the VOD?

Description

Time

  • Played on: July 12, 2017, 8:11 p.m.
  • Length: 14:17
Show
View Real Time Build Order
Export as new Build Order

Yata Zerg - Winner!

Build Orders: Hatch First, Lurkers 

Get SALT Encoding   

  12  0:01  Drone  
  13  0:12  Overlord  
  13  0:18  Drone  
  14  0:31  Drone x2  
  14  0:34  Drone  
  17  0:51  Drone  
  18  0:57  Hatchery  
  18  1:01  Drone  
  18  1:06  Extractor  
  17  1:15  Spawning Pool  
  17  1:18  Drone  
  17  1:22  Drone  
  18  1:32  Drone  
  19  1:42  Overlord  
  19  1:50  Drone  
  20  2:03  Queen  
  22  2:10  Queen  
  22  2:15  Zergling x4  
  26  2:48  Lair  
  26  2:50  Metabolic Boost  
  26  2:54  Queen  
  28  3:02  Extractor  
  27  3:18  Overlord x2  
  27  3:26  Drone x9  
  36  3:46  Evolution Chamber  
  35  3:52  Hatchery  
  35  3:55  Hydralisk Den  
  32  3:58  Extractor  
  32  4:00  Extractor  
  29  4:21  Pneumatized Carapace  
  29  4:27  Drone  
  29  4:28  Drone x10  
  40  4:42  Zerg Missile Weapons Level 1  
  40  4:58  Drone  
  40  4:59  Drone x4  
  45  5:04  Queen  
  45  5:05  Drone x2  
  49  5:28  Overlord x2  
  49  5:39  Queen  
  51  5:59  Drone x11  
  51  6:00  Drone x5  
  67  6:08  Lurker Den  
  67  6:16  Hydralisk x3  
  73  6:32  Overlord x2  
  73  6:33  Overlord  
  73  6:51  Hydralisk  
  73  6:52  Hydralisk x11  
  89  7:06  Queen  
  72  7:28  Hydralisk  
  72  7:29  Hydralisk x11  
  72  7:33  Zergling x2  
  72  7:34  Zergling x4  
  79  7:49  Queen  
  72  8:12  Drone  
  73  8:13  Drone x9  
  82  8:21  Overseer  
  82  8:24  Queen  
  84  8:54  Zerg Missile Weapons Level 2  
  84  9:02  Hydralisk  
  84  9:03  Hydralisk x6  
  98  9:15  Hatchery  
  98  9:16  Drone  
  97  9:32  Lurker  
  98  10:03  Hatchery  
  97  10:13  Lurker  
  98  10:15  Overlord x4  
  79  10:59  Hydralisk  
  79  11:00  Hydralisk x17  
  79  11:01  Hydralisk  
  113  11:29  Lurker x3  
  113  11:30  Overlord  
  113  11:31  Overlord x2  
  116  11:46  Queen  
  118  12:00  Drone  
  118  12:01  Drone x15  
  127  12:51  Drone x13  
  126  12:52  Drone x3  
  126  12:55  Queen  
  141  14:07  Spine Crawler  
  140  14:13  Spine Crawler x2  
  140  14:14  Spine Crawler x2  
Show
View Real Time Build Order
Export as new Build Order

A.I. 1 (Hard) Protoss 

Build Orders:  

Get SALT Encoding   

  12  0:01  Probe (Chrono Boost)  
  13  0:11  Probe (Chrono Boost)  
  14  0:19  Pylon  
  14  0:22  Probe (Chrono Boost)  
  15  0:37  Probe (Chrono Boost)  
  15  0:39  Gateway  
  16  0:47  Assimilator  
  16  0:48  Probe (Chrono Boost)  
  17  0:58  Probe (Chrono Boost)  
  17  1:00  Pylon  
  18  1:09  Probe (Chrono Boost)  
  19  1:22  Probe (Chrono Boost)  
  19  1:24  Zealot  
  20  1:28  Cybernetics Core  
  22  1:42  Gateway  
  22  1:47  Assimilator  
  22  2:00  Pylon  
  22  2:02  Stalker  
  24  2:09  Warp Gate  
  24  2:30  Adept  
  26  2:38  Adept  
  26  2:41  Pylon  
  28  2:55  Adept  
  30  3:04  Adept  
  32  3:18  Probe (Chrono Boost)  
  33  3:22  Adept  
  33  3:26  Pylon  
  35  3:30  Adept, Probe (Chrono Boost)  
  39  3:41  Forge  
  39  3:42  Probe (Chrono Boost)  
  39  3:48  Stalker  
  39  3:54  Probe (Chrono Boost)  
  42  3:56  Zealot  
  44  4:06  Probe (Chrono Boost)  
  46  4:17  Probe (Chrono Boost)  
  46  4:25  Adept  
  48  6:07  Protoss Ground Weapons Level 1  
  48  6:10  Stalker  
  50  6:12  Gateway  
  50  6:15  Pylon  
  50  6:19  Stalker, Photon Cannon, Nexus  
  50  6:20  Photon Cannon  
  50  6:24  Robotics Facility  
  52  6:27  Stargate  
  52  6:31  Sentry  
  54  6:32  Forge  
  54  6:37  Pylon  
  54  6:42  Stalker  
  56  6:52  Stalker  
  58  6:58  Protoss Ground Armor Level 1  
  58  7:01  Pylon  
  58  7:04  Stalker  
  60  7:14  Observer, Stalker  
  63  7:23  Zealot  
  55  7:32  Zealot, Probe (Chrono Boost)  
  55  7:34  Observer, Probe (Chrono Boost)  
  58  7:38  Assimilator  
  58  7:42  Sentry  
  58  7:43  Probe (Chrono Boost)  
  61  7:45  Probe (Chrono Boost)  
  62  7:55  Probe (Chrono Boost)  
  62  7:57  Probe (Chrono Boost)  
  62  7:58  Adept  
  57  8:06  Probe (Chrono Boost)  
  57  8:07  Adept  
  57  8:10  Probe (Chrono Boost)  
  60  8:16  Stalker  
  60  8:18  Probe (Chrono Boost)  
  63  8:21  Probe (Chrono Boost)  
  63  8:26  Stalker  
  66  8:29  Probe (Chrono Boost)  
  66  8:33  Probe (Chrono Boost)  
  68  8:40  Probe (Chrono Boost)  
  69  8:44  Probe (Chrono Boost)  
  70  8:51  Probe (Chrono Boost)  
  71  9:04  Assimilator  
  71  9:26  Probe (Chrono Boost)  
  71  9:28  Probe (Chrono Boost)  
  73  9:37  Probe (Chrono Boost)  
  74  10:24  Void Ray, Warp Prism  
  74  10:33  Pylon  
  72  10:39  Zealot  
  72  10:44  Nexus  
  63  10:50  Zealot  
  65  10:57  Warp Prism  
  65  11:00  Pylon, Zealot  
  62  11:11  Sentry  
  55  11:22  Sentry  
  51  11:28  Twilight Council  
  51  11:31  Observer  
  51  11:33  Zealot  
  51  11:37  Nexus  
  52  11:44  Stalker  
  54  11:51  Observer  
  52  11:54  Stalker  
  54  12:05  Zealot  
  50  12:09  Zealot, Warp Prism  
  50  12:13  Zealot  
  50  12:17  Zealot  
  41  12:27  Zealot  
  34  12:38  Zealot  
  34  12:42  Zealot  
  34  12:47  Zealot  
  34  12:51  Pylon, Nexus  
  33  12:58  Stalker  
  28  13:05  Probe (Chrono Boost)  
  24  13:06  Zealot  
  24  13:07  Probe (Chrono Boost)  
  24  13:09  Robotics Facility  
  25  13:16  Probe (Chrono Boost)  
  21  13:27  Probe (Chrono Boost)  
  21  13:29  Probe (Chrono Boost)  
  22  13:39  Probe (Chrono Boost)  
  16  13:50  Probe (Chrono Boost)  
  17  14:01  Pylon  
  18  14:04  Probe (Chrono Boost)  
Tags
 
Composition
Lurkers
League
Silver
Matchup
PvZ
Replay Pack
Pack 1
Spawn Locations
Cross Positions
Add a new tag
Caveats
  • Supply blocks, unpowered buildings, or Contaminate may cause inaccurate times.
  • Supply counts are checked every 10 seconds.